 Dungeon Crawl Stone Soup version 0.18-a0-1354-gbc5753f (webtiles) character file.

2131 Duffy the Grappler (level 9, -7/75 HPs)
             Began as a Naga Monk on Feb 19, 2016.
             Was a Believer of Cheibriados.
             Mangled by a wight
             ... wielding a +3 battleaxe
              (9 damage)
             ... on level 6 of the Dungeon.
             The game lasted 00:10:21 (6768 turns).

Duffy the Grappler (Naga Monk)                      Turns: 6768, Time: 00:10:21

Health: -7/75      AC:  7    Str: 23    XL:     9   Next: 30%
Magic:  12/12      EV:  8    Int: 16    God:    Cheibriados [**....]
Gold:   294        SH:  0    Dex: 20    Spells: 0 memorised, 8 levels left

rFire  . . .     SeeInvis +       - Unarmed
rCold  . . .     Gourm    .     x - +0 scale mail
rNeg   . . .     Faith    +     (no shield)
rPois  +         Spirit   .     (no helmet)
rElec  .         Dismiss  .     (no cloak)
rCorr  .         Reflect  .     E - +0 pair of gloves
SustAt .         Harm     .     (no barding)
MR     +....                    H - amulet of faith
Stlth  +.........               (no ring)
                                (no ring)

@: about to teleport, heavily drained, very slow, somewhat resistant to hostile
enchantments, very unstealthy
A: see invisible, deformed body, poison resistance, slowness 2, slow metabolism
1, spit poison 2, AC +3
a: Spit Poison, Bend Time, Renounce Religion


You were on level 6 of the Dungeon.
You worshipped Cheibriados.
Cheibriados was pleased with you.
You were not hungry.

You visited 2 branches of the dungeon, and saw 7 of its levels.

You collected 294 gold pieces.


Innate Abilities, Weirdness & Mutations

You cannot wear boots.
Your serpentine skin is tough (AC +3).
You have supernaturally acute eyesight.
Armour fits poorly on your strangely shaped body.
Your system is resistant to poisons.
You cover ground very slowly.
You have a slow metabolism.
You can spit poison.


   Skills:
 - Level 3.0(1.6) Fighting
 - Level 2.4(1.0) Dodging
 - Level 3.0(1.6) Stealth
 + Level 11.4(9.7) Unarmed Combat
 - Level 5.0(3.5) Evocations


You had 8 spell levels left.
You didn't know any spells.

Inventory:

Missiles
 o - 6 curare-tipped needles
Armour
 x - a +0 scale mail (worn)
 E - a +0 pair of gloves (worn)
 J - the +1 robe of Vanity {Slay+2, unknown}

   It affects your accuracy and damage with ranged weapons and melee attacks
   (+2).
Jewellery
 H - an amulet of faith (around neck)
Wands
 F - a wand of paralysis (19/24)
Scrolls
 c - a scroll of immolation {unknown}
 h - 2 scrolls of remove curse
 i - a scroll of blinking {unknown}
 j - 2 scrolls of recharging
 l - a scroll of amnesia {unknown}
 m - a scroll of fear {unknown}
 p - a scroll of noise {unknown}
 s - a scroll of magic mapping {unknown}
 u - a scroll of enchant weapon {unknown}
 v - a scroll of random uselessness {unknown}
 y - a scroll of fog {unknown}
Potions
 d - 2 potions of brilliance
 e - a potion of degeneration {unknown}
 f - 4 potions of curing
 k - 3 potions of resistance {unknown}
 q - a potion of might {unknown}
 r - 2 potions of agility
 t - a potion of flight
 w - 2 potions of cure mutation
 z - 5 potions of heal wounds
 A - a potion of ambrosia {unknown}
 G - a potion of beneficial mutation {unknown}
 I - a potion of haste {unknown}
 K - a potion of invisibility {unknown}
Comestibles
 a - 2 chunks of flesh
 b - 3 bread rations
 g - 5 fruits
 n - 2 meat rations

Dungeon Overview and Level Annotations

Branches:
Dungeon (6/15)             Temple (1/1) D:5

Altars:
Ashenzari
Cheibriados
Dithmenos
Fedhas
Gozag
Makhleb
Nemelex Xobeh
Okawaru
Pakellas
Qazlal
Ru
Sif Muna
Trog
Xom
Yredelemnul
Lugonu

Annotations:
D:3 1 runed door


Message History

The wight is heavily damaged.
The wight hits you but does no damage.
You closely miss the wight.
The wight is heavily damaged.
The wight barely misses you. x2
You hit the wight but do no damage.
The wight is heavily damaged.
The wight hits you from afar with an enchanted halberd!
The wight hits you but does no damage.
Your scale mail prevents you from hitting the wight.
The wight is heavily damaged.
You punch the wight!
You destroy the wight!
Cheibriados thoroughly appreciates the change of pace.
The wight hits you but does no damage.
A wight comes into view. It is wielding a scimitar.
The wight hits you with an enchanted halberd!
Items here: )) [[ a hand axe; a robe; a great sword; a robe Evoke which item? (* to show all) (? for menu, Esc to quit)
Zapping:
F - a wand of paralysis (20/24)
Press: ? - help, Shift-Dir - straight line, f - wight
Aim: a wight, wielding an enchanted halberd and wearing a robe (chance to defeat MR: 54%)
The wight resists with significant effort.
This wand has 19 charges left.
The wight hits you but does no damage.
The wight hits you with an enchanted halberd!
You feel drained.
The wight hits you from afar with an enchanted halberd!
The wight hits you with an enchanted battleaxe!
You feel drained. The wight hits you but does no damage.
Read which item? (? for menu, Esc to quit)
As you read the scroll of teleportation, it crumbles to dust.
You feel strangely unstable. The wight hits you but does no damage.
The wight hits you with an enchanted battleaxe!
You die...

.. .. ### .###. ...
.... #.# .z.# #.# ...#
#.# ...
#######[#####z###.#
.....)...%.@zz....#
........#####.#####
........'...#.#
........###.#.#
........# #.#.#
........###'#.#######
#
#####.................
#.........#..###.####
##.#.#.#.#.#.#.#.#..


You could see 3 wights.

Action                   |  1- 3 |  4- 6 |  7- 9 || total
-------------------------+-------+-------+-------++-------
Melee: Unarmed           |    88 |   210 |   176 ||   474
 Abil: Spit Poison       |       |     8 |    14 ||    22
Evoke: Wand              |       |     1 |     8 ||     9
  Use: Scroll            |       |     5 |     7 ||    12
 Stab: Sleeping          |     4 |     6 |       ||    10
       Paralysed         |       |     6 |    15 ||    21
  Eat: Chunk             |       |     8 |     5 ||    13
       Fruit             |       |       |     2 ||     2

Notes
Turn   | Place    | Note
--------------------------------------------------------------
     0 | D:1      | Duffy the Naga Monk began the quest for the Orb.
     0 | D:1      | Reached XP level 1. HP: 21/21 MP: 1/1
   213 | D:1      | Reached XP level 2. HP: 28/28 MP: 2/2
   591 | D:2      | Found an opulent altar of Gozag.
   695 | D:2      | Reached XP level 3. HP: 34/34 MP: 3/3
   706 | D:2      | Reached skill level 5 in Unarmed Combat
   769 | D:2      | Found a sparkling altar of Nemelex Xobeh.
  1053 | D:2      | Reached XP level 4. HP: 9/42 MP: 4/4
  1987 | D:1      | Reached skill level 6 in Unarmed Combat
  2538 | D:2      | Reached XP level 5. HP: 42/49 MP: 5/5
  3092 | D:3      | Noticed a human
  3094 | D:3      | Found a runed door.
  3250 | D:3      | Found a basalt altar of Yredelemnul.
  3396 | D:4      | Noticed Grinder
  3748 | D:3      | Reached skill level 7 in Unarmed Combat
  3944 | D:4      | Found a bloodstained altar of Trog.
  3957 | D:4      | Reached XP level 6. HP: 36/56 MP: 6/6
  4222 | D:4      | Paralysed by Grinder for 4 turns
  4374 | D:4      | Found a stormy altar of Qazlal.
  4457 | D:3      | Killed Grinder
  4457 | D:3      | Reached skill level 8 in Unarmed Combat
  4457 | D:3      | Reached XP level 7. HP: 62/62 MP: 7/7
  4506 | D:4      | Found a basalt altar of Yredelemnul.
  4524 | D:4      | Found an oddly glowing altar of Pakellas.
  4524 | D:4      | Noticed a hungry ghost
  4560 | D:4      | Found a blossoming altar of Fedhas.
  4678 | D:4      | Reached skill level 1 in Evocations
  4819 | D:5      | Entered Level 5 of the Dungeon
  4928 | D:5      | Reached skill level 2 in Evocations
  5122 | D:5      | Reached skill level 9 in Unarmed Combat
  5242 | D:5      | Reached skill level 3 in Evocations
  5242 | D:5      | Reached XP level 8. HP: 69/69 MP: 10/10
  5554 | D:5      | Reached skill level 4 in Evocations
  5812 | D:5      | Reached skill level 5 in Evocations
  5850 | D:5      | Found a staircase to the Ecumenical Temple.
  5859 | Temple   | Entered the Ecumenical Temple
  5889 | Temple   | Became a worshipper of Cheibriados the Contemplative
  5889 | Temple   | Reached * piety under Cheibriados
  5889 | Temple   | Reached ** piety under Cheibriados
  5930 | D:5      | Found an iron altar of Okawaru.
  5945 | D:5      | Reached skill level 10 in Unarmed Combat
  6059 | D:5      | Got a ripped robe
  6280 | D:6      | Reached XP level 9. HP: 58/75 MP: 12/12
  6490 | D:6      | Noticed Duffy's ghost (amateur HOGl)
  6524 | D:6      | Killed Duffy's ghost
  6524 | D:6      | Reached skill level 11 in Unarmed Combat
  6768 | D:6      | Mangled by a wight

Vault maps used:
D:1:      dpeg_arrival_solitude
D:2:      nicolae_gozag_cash_rules_everything_around_me, nemelex_deck
D:3:      dk_yredelemnul_ordeal
D:4:      grunt_temple_overflow_forces_of_nature, kennysheep_mini_moat,
          nicolae_overflow_crystal_walls, first_bread,
          gammafunk_pakellas_cloud_experiment, uniq_grinder
D:5:      okawaru_gym_becter, minmay_temple_entry_statues_pillars,
          lemuel_another_geyser
D:6:      st_stairs_11
Temple:   corrupted_temple

Vanquished Creatures
  Grinder
  The ghost of Duffy the Cleaver, an amateur HOGl
  A hungry ghost
  A water moccasin
  An orc warrior
  2 sky beasts
  A necrophage
  3 ogres
  3 giant frogs
  A scorpion
  2 wights
  3 crimson imps
  A jelly
  A giant frog zombie
  2 hounds
  2 orc wizards
  3 worker ants
  2 iguanas
  A hound skeleton
  4 gnolls
  9 adders
  A shadow imp
  3 oozes
  2 worms
  6 giant geckos
  An orc
  5 ball pythons
  7 giant cockroaches
  14 hobgoblins
  10 kobolds
  2 quokkas
  4 bats
  5 giant newts
  11 goblins
  A jackal zombie
  10 rats
127 creatures vanquished.
